 Dungeon Crawl Stone Soup version 0.30-a0-297-g0ec75d9ef4 (webtiles) character file.

Game seed: 5213861580187299027

334 Iusername the Covered (level 6, -4/56 HPs)
             Began as a Minotaur Fighter on Oct 18, 2022.
             Was an Initiate of Gozag.
             Killed by nerve-wracking pain
             ... invoked by Grinder
              (12 damage)
             ... on level 4 of the Dungeon.
             The game lasted 00:03:46 (3167 turns).

Iusername the Covered (Minotaur Fighter)            Turns: 3167, Time: 00:03:47

Health: -4/56      AC:  8    Str: 22    XL:     6   Next: 27%
Magic:  5/5        EV:  9    Int:  5    God:    Gozag
Gold:   297        SH:  5    Dex: 10    Spells: 5/5 levels left

rFire   . . .      SeeInvis .    a - +0 war axe
rCold   . . .      Faith    .    c - +0 buckler
rNeg    . . .      Spirit   .    b - +0 scale mail
rPois   .          Reflect  .    (helmet restricted)
rElec   .          Harm     .    (no cloak)
rCorr   .          Rampage  .    j - +0 pair of gloves
Will    .....                    (no boots)
Stlth   ..........               (no amulet)
HPRegen 0.29/turn                (no ring)
MPRegen 0.09/turn                (no ring)

@: studying Conjurations
A: horns 2, retaliatory headbutt
a: Renounce Religion, Potion Petition, Call Merchant, Bribe Branch


You were on level 4 of the Dungeon.
You worshipped Gozag.
Gozag was aware of your devotion.
You visited 1 branch of the dungeon, and saw 4 of its levels.

You collected 316 gold pieces.
You paid 19 gold pieces to Gozag.

Inventory:

Hand Weapons
 a - a +0 war axe (weapon)
Missiles
 e - 5 boomerangs (quivered)
Armour
 b - a +0 scale mail (worn)
 c - a +0 buckler (worn)
 j - a +0 pair of gloves (worn)
Scrolls
 d - a scroll of noise {unknown}
 g - 3 scrolls of identify {unknown}
 k - a scroll of amnesia {unknown}
 l - a scroll of torment {unknown}
 m - a scroll of immolation {unknown}
 q - 2 scrolls of blinking {unknown}
 r - a scroll of fear {unknown}
 s - 3 scrolls of magic mapping {unknown}
Potions
 f - 2 potions of cancellation {unknown}
 h - a potion of attraction {unknown}
 n - a potion of mutation {unknown}
 p - 2 potions of berserk rage {unknown}


   Skills:
 + Level 5.2 Fighting
 + Level 4.4 Axes
 + Level 5.3 Armour
 + Level 5.2 Shields


You had 5 spell levels left.
You didn't know any spells.
Your spell library contained the following spells:

 Spells                   Type           Power      Damage    Failure   Level
 Kiss of Death            Conj/Necr      0%         2d5       86%         1
 Necrotise                Necr           0%         1d4       86%         1
 Blink                    Tloc           0%         N/A       95%         2
 Cigotuvi's Dreadful Rot  Necr/Pois/Air  0%         N/A       95%         2
 Momentum Strike          Conj/Tloc      0%         3d8       95%         2
 Sublimation of Blood     Necr           0%         N/A       95%         2
 Lesser Beckoning         Tloc           0%         N/A       99%         3


Dungeon Overview and Level Annotations

Branches:
Dungeon (4/15)
 Temple: D:4-7

Altars:
Elyvilon
Gozag
Kikubaaqudgha

Annotations:
D:4 Grinder


Innate Abilities, Weirdness & Mutations

You have a pair of horns on your head.
You reflexively headbutt those who attack you in melee.


Message History

You barely miss Grinder. Your headbutt misses Grinder.
Grinder is lightly wounded.
Grinder hits you!
* * * LOW HITPOINT WARNING * * *
You writhe in agony.
* * * LOW HITPOINT WARNING * * *
You feel much better. Grinder gestures at you. Pain shoots through your body!
You barely miss Grinder. Your headbutt misses Grinder.
Grinder is lightly wounded.
Grinder hits you.
You writhe in agony.
You barely miss Grinder. You headbutt Grinder.
Grinder is lightly wounded.
You block Grinder's attack. Grinder gestures at you.
You resist with significant effort.
You barely miss Grinder. You headbutt Grinder!
Grinder is moderately wounded.
Grinder hits you.
* * * LOW HITPOINT WARNING * * *
You writhe in agony.
* * * LOW HITPOINT WARNING * * *
You hit Grinder. Your headbutt misses Grinder.
Grinder is moderately wounded.
Grinder gestures at you.
You barely resist. You slash Grinder!
Grinder is severely wounded.
Grinder hits you but does no damage. Grinder gestures at you.
Pain shoots through your body!
* * * LOW HITPOINT WARNING * * *
You barely miss Grinder.
Grinder is severely wounded.
Grinder blinks!
Grinder gestures at you. Pain shoots through your body!
You die...
Your body crumbles into a pile of gold.

#.# #.########## #.#
#.# #.# #.# #.# #.#
#.# #.# #.# #.# #.#
#.# #.# #.# #@# #.#
#######.# #.#####.##
.......5#####..(......
.....................#
##...............#####
...#############.# ##
.# .# #


You could see Grinder.

Vanquished Creatures
  2 centaurs (D:4)
  An orc priest (D:3)
  2 orc wizards (D:3)
  2 adders
  2 dart slugs (D:2)
  9 orcs (D:3)
  3 ball pythons (D:1)
  5 endoplasms
  2 giant cockroaches (D:1)
  10 goblins
  4 hobgoblins
  4 jackals
  3 quokkas
  4 bats (D:1)
  5 frilled lizards
  9 kobolds
  8 rats
75 creatures vanquished.

Vanquished Creatures (others)
  4 demonic plants (D:1)
  4 fungi (D:1)
  2 withered plants (D:1)
10 creatures vanquished.

Grand Total: 85 creatures vanquished

Notes
Turn   | Place    | Note
-------+----------+-------------------------------------------
     0 | D:1      | Iusername the Minotaur Fighter began the quest for the Orb.
     0 | D:1      | Reached XP level 1. HP: 19/19 MP: 0/0
   112 | D:1      | Reached XP level 2. HP: 27/27 MP: 1/1
   235 | D:1      | Found a faded altar of an unknown god.
   360 | D:1      | Prayed at the altar of an unknown god.
   360 | D:1      | Became a worshipper of Kikubaaqudgha
   360 | D:1      | Reached * piety under Kikubaaqudgha
   360 | D:1      | Received a gift from Kikubaaqudgha
   362 | D:1      | Fell from the grace of Kikubaaqudgha
   644 | D:1      | Reached XP level 3. HP: 33/33 MP: 2/2
  1641 | D:2      | Found an opulent altar of Gozag.
  1813 | D:2      | Became a worshipper of Gozag Ym Sagoz the Greedy
  1855 | D:3      | Reached XP level 4. HP: 40/40 MP: 3/3
  2009 | D:3      | Reached XP level 5. HP: 10/47 MP: 4/4
  2209 | D:3      | Found a white marble altar of Elyvilon.
  2800 | D:4      | Noticed a centaur
  2801 | D:4      | Noticed a centaur
  2816 | D:4      | Killed a centaur
  2817 | D:4      | Reached skill level 5 in Fighting
  2817 | D:4      | Reached skill level 5 in Armour
  2817 | D:4      | Reached skill level 5 in Shields
  2819 | D:4      | Killed a centaur
  2820 | D:4      | Reached XP level 6. HP: 18/56 MP: 5/5
  3141 | D:4      | Noticed Grinder
  3147 | D:4      | Paralysed by Grinder for 3 turns
  3167 | D:4      | Killed from afar by Grinder

Illustrated notes

Levels and vault maps discovered:
D:1:      tarquinn_simple_flora_water_e, layout_loops_cross,
          shapermc_ecumenical_altar_gd, corexii_item_surrounded_by_moat
D:2:      layout_loops_ring, basic_altar
D:3:      layout_basic, mainiacjoe_overflow_brackets, columned_hall_lemuel
D:4:      layout_basic, kennysheep_mini_moat, minmay_temple_entry_butterflies,
          serial_shops, nicolae_diamond_shop, minmay_manual_mares, uniq_pikel,
          uniq_eustachio, uniq_duvessa, uniq_grinder

Skill      XL: |  1  2  3  4  5 |
---------------+----------------+-----
Armour         | 4 5 |  5.3
Shields        | 4 5 |  5.2
Fighting       | 4 5 |  5.2
Axes           | 3 4 |  4.4

Action                   |  1- 3 |  4- 6 || total
-------------------------+-------+-------++-------
Melee: War axe           |    94 |    62 ||   156
       Headbutt          |    12 |    11 ||    23
Throw: Boomerang         |    11 |       ||    11
Invok: Renounce Religion |     1 |       ||     1
  Use: Potion            |       |     5 ||     5
Armor: Scale mail        |    41 |    41 ||    82
Dodge: Dodged            |    52 |    30 ||    82
Block: Buckler           |    30 |    22 ||    52

Table legend: (Time is in decaauts)
 A = Elapsed time spent in this place.
 B = Non-inter-level travel time spent in this place.
 C = Inter-level travel time spent in this place.
 D = Time resting spent in this place.
 E = Time spent auto-exploring this place.
 F = Levels seen in this place.
 G = Mean time per level.
                   A        B        C        D        E       F      G
               +--------+--------+--------+--------+--------+-----+--------+
         Total |   3228 |   3106 |    122 |    587 |   2022 |   4 |  807.0 |
       Dungeon |   3228 |   3106 |    122 |    587 |   2022 |   4 |  807.0 |
               +--------+--------+--------+--------+--------+-----+--------+

Top non-repeatable levels by time:
     D:2: 1049 daAuts
     D:3: 952 daAuts
     D:1: 827 daAuts
     D:4: 400 daAuts
